Map: 強酸工廠 - 天梯版

Players

Rex

  • Race: Zerg Zerg
  • Spawn Location: 5:00

Clem - Winner!

  • Race: Terran Terran
  • Spawn Location: 11:00

Event: WCS Valencia 2018

VOD

Have the link to the VOD?

Description

Time

  • Played on: July 12, 2018, 1 p.m.
  • Length: 10:53

All games in this series

Show
View Real Time Build Order
Export as new Build Order

Rex Zerg 

Build Orders: Pool First 

Get SALT Encoding   

  12  0:00  Drone  
  13  0:12  Overlord  
  13  0:17  Drone  
  14  0:32  Drone x2  
  16  0:40  Spawning Pool  
  15  0:45  Drone  
  16  0:50  Drone  
  16  0:56  Drone  
  18  1:12  Hatchery  
  17  1:19  Extractor  
  16  1:29  Zergling x6  
  16  1:32  Queen  
  21  1:41  Overlord  
  21  1:51  Drone  
  22  2:02  Drone  
  23  2:12  Drone  
  23  2:13  Queen  
  26  2:24  Drone  
  26  2:26  Metabolic Boost  
  26  2:27  Queen  
  29  2:35  Drone  
  29  2:36  Drone x2  
  32  2:41  Overlord  
  32  2:48  Drone x2  
  32  2:49  Drone  
  35  2:52  Drone  
  36  3:03  Drone  
  37  3:09  Drone  
  37  3:11  Drone  
  38  3:22  Drone x2  
  38  3:23  Drone  
  38  3:24  Drone  
  38  3:25  Overlord  
  42  3:28  Drone  
  42  3:33  Drone  
  44  3:38  Overlord  
  43  3:49  Overlord  
  43  3:50  Queen, Drone  
  43  3:51  Hatchery  
  43  3:54  Drone  
  43  3:55  Drone  
  47  3:58  Overlord  
  47  3:59  Drone  
  48  4:03  Zergling x6  
  51  4:11  Queen  
  51  4:16  Zergling x10  
  58  4:24  Roach Warren  
  57  4:26  Queen  
  57  4:29  Drone x2  
  61  4:32  Drone x3  
  63  4:41  Overlord  
  63  4:42  Drone  
  63  4:44  Drone  
  63  4:45  Spore Crawler, Drone x3  
  66  4:51  Extractor  
  66  4:52  Extractor  
  63  4:54  Overlord  
  63  5:04  Roach x5, Spore Crawler  
  63  5:07  Roach  
  74  5:10  Roach  
  74  5:14  Drone  
  77  5:20  Spore Crawler  
  77  5:21  Lair  
  75  5:24  Queen  
  73  5:41  Drone x6  
  75  5:44  Drone  
  75  5:45  Drone  
  75  5:46  Drone  
  75  5:47  Drone  
  75  5:51  Drone x4  
  75  5:56  Drone x2  
  78  5:57  Drone  
  78  5:58  Evolution Chamber  
  78  5:59  Evolution Chamber  
  78  6:02  Drone  
  78  6:04  Drone x2  
  78  6:06  Extractor, Roach x3  
  78  6:07  Extractor, Roach  
  78  6:08  Overlord  
  86  6:13  Overlord  
  86  6:16  Overlord  
  86  6:17  Drone x2  
  88  6:21  Overseer  
  88  6:25  Overseer x2  
  88  6:31  Drone x2  
  89  6:34  Zerg Missile Weapons Level 1, Zerg Ground Armor Level 1  
  89  6:41  Drone  
  89  6:42  Glial Reconstitution  
  89  6:43  Drone  
  89  6:46  Roach x2  
  97  6:47  Roach  
  97  6:48  Roach  
  97  6:51  Hatchery  
  98  6:54  Roach x2  
  98  6:57  Overlord  
  98  6:59  Overlord  
  102  7:03  Roach  
  102  7:05  Drone x5  
  102  7:06  Drone  
  102  7:07  Extractor  
  109  7:09  Roach x2  
  109  7:12  Overlord  
  113  7:23  Drone x2  
  113  7:28  Roach  
  113  7:29  Roach x6  
  129  7:32  Roach x3  
  129  7:34  Roach  
  137  7:41  Overlord x2  
  137  7:43  Overlord  
  137  7:44  Overseer  
  137  7:51  Overlord  
  137  8:04  Roach x9  
  155  8:18  Roach  
  155  8:19  Roach x5  
  143  8:21  Roach x6  
  155  8:27  Ravager  
  155  8:28  Ravager x6  
  155  8:30  Roach x3  
  161  8:48  Roach  
  161  8:49  Roach x6  
  173  8:57  Roach  
  173  8:58  Overlord  
  173  9:01  Ravager  
  176  9:05  Extractor, Drone  
  176  9:06  Extractor, Infestation Pit  
  176  9:09  Drone x2  
  176  9:14  Overlord x2  
  176  9:27  Ravager x2  
  154  9:39  Hatchery, Drone  
  154  9:40  Drone x7  
  157  9:45  Baneling Nest  
  157  9:49  Roach  
  157  9:50  Roach x14  
  160  10:03  Roach x2  
  160  10:04  Roach x7  
  150  10:08  Swarm Host  
  150  10:09  Roach  
  150  10:10  Roach  
  150  10:11  Ravager  
  158  10:16  Roach x3  
  158  10:17  Roach x3  
  170  10:27  Roach x2  
  170  10:28  Roach x5  
Show
View Real Time Build Order
Export as new Build Order

Clem Terran - Winner!

Build Orders: Gas First Reaper Expand, Reaper Expand, Bio Tank, Hellion Banshee 

Get SALT Encoding   

  12  0:00  SCV  
  13  0:12  SCV  
  14  0:17  Supply Depot  
  14  0:24  SCV  
  15  0:31  Refinery  
  15  0:38  SCV  
  16  0:45  Barracks  
  16  0:50  SCV  
  17  1:02  SCV  
  18  1:15  SCV  
  19  1:32  Reaper, Orbital Command  
  20  1:43  Command Center  
  20  1:55  Factory  
  20  1:59  SCV  
  21  2:06  Supply Depot  
  21  2:09  Barracks Reactor  
  21  2:14  SCV  
  22  2:20  Refinery  
  22  2:26  SCV  
  23  2:38  SCV  
  24  2:45  Starport  
  24  2:46  Marine x2  
  24  2:50  SCV  
  27  2:56  Orbital Command  
  27  3:02  Cyclone, SCV  
  31  3:07  Marine  
  31  3:08  Marine  
  32  3:17  SCV  
  33  3:22  SCV, Medivac  
  36  3:29  Supply Depot  
  36  3:33  SCV  
  37  3:34  SCV  
  37  3:37  Barracks Tech Lab  
  38  3:45  SCV  
  38  3:47  SCV  
  39  3:52  Supply Depot  
  39  3:54  Hellion x2  
  43  3:57  SCV  
  43  3:59  SCV  
  45  4:05  Cloaking Field  
  45  4:06  Banshee  
  45  4:09  Barracks Tech Lab  
  49  4:10  SCV  
  49  4:11  SCV  
  49  4:15  Hellion  
  49  4:16  Hellion, Supply Depot  
  54  4:22  SCV  
  54  4:23  SCV  
  56  4:28  Armory  
  56  4:34  SCV  
  56  4:37  Hellion, SCV  
  56  4:38  Hellion  
  62  4:49  SCV x2, Banshee  
  67  4:55  Command Center  
  67  5:00  Marine  
  67  5:01  SCV  
  67  5:02  SCV  
  70  5:10  Barracks  
  70  5:14  Supply Depot  
  70  5:15  Barracks  
  70  5:16  Factory Tech Lab  
  70  5:17  SCV x2  
  70  5:21  Stimpack  
  72  5:23  Marine  
  73  5:29  SCV x2  
  72  5:40  Engineering Bay x2  
  72  5:41  SCV x2, Marine, Refinery  
  72  5:42  Refinery  
  69  5:46  Siege Tank  
  66  5:53  SCV x2  
  68  6:02  Supply Depot, Marine x2  
  70  6:05  SCV x2  
  70  6:07  Barracks Reactor, Terran Infantry Weapons Level 1  
  70  6:08  Starport Reactor  
  70  6:09  Orbital Command  
  72  6:17  SCV x2  
  74  6:19  Terran Infantry Armor Level 1, Marine  
  74  6:22  Marine  
  74  6:24  Marine  
  77  6:30  SCV x2, Siege Tank  
  82  6:33  Orbital Command  
  82  6:37  Marine  
  82  6:38  Barracks  
  83  6:40  Marine, Barracks  
  83  6:41  Marine  
  83  6:42  SCV x2  
  87  6:47  Medivac x2  
  87  6:49  Marine  
  92  6:54  Supply Depot  
  92  6:57  Armory  
  92  6:59  SCV  
  92  7:00  SCV x2  
  95  7:03  Marine x2  
  95  7:04  Marine x2  
  95  7:07  Marine  
  100  7:09  Supply Depot  
  100  7:13  SCV x2  
  102  7:16  Siege Tank  
  102  7:21  Marine  
  106  7:24  Medivac, Marine  
  106  7:26  Barracks Reactor  
  106  7:27  Supply Depot, Marine x2  
  106  7:29  SCV  
  112  7:30  Refinery x2  
  112  7:31  SCV  
  112  7:32  Barracks Reactor  
  112  7:33  Marine  
  112  7:36  SCV  
  115  7:39  Marine  
  115  7:41  SCV  
  115  7:42  Supply Depot  
  117  7:47  Supply Depot, SCV, Marine x2  
  117  7:48  SCV  
  117  7:49  Factory  
  121  7:52  Siege Tank  
  121  7:53  Marine  
  121  7:55  Medivac  
  121  7:56  Marine  
  121  7:57  SCV, Marine  
  130  7:59  Terran Vehicle Weapons Level 1  
  130  8:00  Supply Depot  
  130  8:01  Supply Depot, Marine  
  130  8:05  Marine  
  131  8:08  Terran Infantry Weapons Level 2  
  131  8:09  Marine  
  131  8:10  Marine x4  
  136  8:14  Marine  
  136  8:15  SCV x2  
  136  8:16  SCV  
  136  8:17  Marine  
  135  8:25  Medivac, Marine x2  
  139  8:27  SCV, Marine x2  
  139  8:28  Combat Shields, Marine  
  139  8:30  Marine  
  139  8:32  Marauder  
  146  8:36  Marine x2  
  146  8:37  Siege Tank  
  146  8:38  Medivac  
  152  8:44  Marine  
  152  8:47  Marine  
  152  8:48  Marine x2  
  139  8:49  Factory Tech Lab  
  139  8:51  Marine x2  
  139  8:53  Marine  
  139  8:54  Marine x2  
  146  9:02  Command Center  
  146  9:06  Sensor Tower  
  146  9:07  Marine x2  
  146  9:09  Siege Tank  
  151  9:11  Siege Tank  
  154  9:18  Barracks  
  154  9:21  Barracks  
  154  9:24  Medivac, Barracks  
  146  9:33  Medivac, Marine x3  
  146  9:37  Marine  
  146  9:38  Marauder  
  146  9:41  Marine x2, Siege Tank  
  146  9:43  Siege Tank, Marine x2  
  154  9:48  Supply Depot  
  154  9:49  Supply Depot  
  154  9:50  Supply Depot  
  154  9:52  Marine x2  
  153  9:54  Medivac  
  153  9:55  Marine  
  153  9:56  Marine  
  153  9:59  Marauder  
  155  10:03  Medivac  
  155  10:05  Marine x2  
  155  10:06  Marauder  
  145  10:09  Marine  
  145  10:10  Barracks Tech Lab, Marine x2  
  145  10:13  Siege Tank  
  151  10:15  Siege Tank  
  151  10:21  Marauder  
  156  10:22  Marine x3  
  156  10:23  Marine  
  156  10:27  Marauder  
  162  10:29  Marine  
  162  10:30  Marauder  
  153  10:39  Refinery  
  148  10:45  Refinery  
Tags
 
Add a new tag
Caveats
  • Supply blocks, unpowered buildings, or Contaminate may cause inaccurate times.
  • Supply counts are checked every 10 seconds.